Map: Tokamak LE

Players

ManlyManMeat - Winner!

  • Race: Zerg Zerg
  • League: Master
  • Spawn Location: 1:00

Joker

  • Race: Protoss Protoss
  • Spawn Location: 7:00

VOD

Have the link to the VOD?

Description

Time

  • Played on: June 17, 2025, 8:12 a.m.
  • Length: 9:49
Show
View Real Time Build Order
Export as new Build Order

ManlyManMeat Zerg - Winner!

Build Orders: Hatch First 

Get SALT Encoding   

  12  0:00  Drone  
  13  0:12  Overlord  
  13  0:17  Drone  
  14  0:31  Drone x2  
  16  0:36  Drone  
  17  0:51  Hatchery  
  17  0:54  Drone  
  17  1:00  Drone  
  18  1:13  Spawning Pool  
  18  1:14  Extractor  
  18  1:16  Drone  
  17  1:29  Drone x2  
  19  1:39  Drone  
  20  1:49  Drone  
  21  2:02  Queen x2  
  21  2:03  Overlord  
  21  2:06  Zergling x2  
  26  2:11  Zergling x2  
  27  2:15  Metabolic Boost  
  27  2:24  Drone x2  
  29  2:31  Drone  
  30  2:50  Drone, Hatchery  
  30  2:51  Drone x2  
  32  3:07  Drone x4  
  32  3:12  Overlord  
  36  3:29  Overlord x2  
  36  3:30  Queen  
  36  3:33  Drone x5  
  42  3:43  Overlord  
  42  3:55  Lair  
  42  4:01  Baneling Nest  
  41  4:03  Drone x4  
  41  4:04  Drone x3  
  41  4:08  Extractor  
  41  4:09  Extractor  
  46  4:11  Queen  
  46  4:14  Drone x2  
  50  4:22  Evolution Chamber  
  50  4:23  Evolution Chamber  
  48  4:25  Queen  
  48  4:26  Drone x3  
  53  4:32  Overlord  
  53  4:34  Overlord  
  53  4:38  Zergling x6  
  56  4:46  Overlord x3  
  56  4:52  Zerg Melee Weapons Level 1  
  56  5:10  Drone x2  
  56  5:11  Drone x5  
  63  5:14  Drone x2, Hatchery  
  63  5:15  Drone  
  63  5:18  Centrifugal Hooks  
  65  5:31  Zergling x6  
  65  5:32  Zergling x4  
  65  5:33  Spore Crawler  
  65  5:35  Spore Crawler  
  68  5:36  Spore Crawler  
  68  5:42  Zergling x10  
  72  5:45  Baneling x5  
  72  5:51  Overlord  
  72  5:52  Overlord  
  72  6:00  Zergling x10  
  72  6:01  Zergling x4  
  79  6:11  Overseer  
  79  6:12  Overseer x2  
  79  6:14  Zergling x6  
  79  6:15  Zergling x10  
  82  6:43  Zergling x12  
  82  6:44  Zergling x20  
  96  6:54  Overlord x2  
  96  6:56  Baneling  
  96  6:57  Baneling x7  
  96  6:58  Zerg Melee Weapons Level 2, Zerg Ground Armor Level 1  
  96  7:01  Drone x4  
  100  7:24  Zergling x30  
  99  7:50  Zergling x6  
  99  7:51  Zergling x16  
  100  7:55  Drone  
  84  8:09  Zergling x14  
  84  8:13  Queen x2  
  84  8:14  Queen x2  
  84  8:16  Overlord x3  
  84  8:18  Overseer x3  
  89  8:30  Zergling x22  
  100  8:45  Zergling x24  
  112  8:56  Baneling x4  
  112  8:57  Baneling x5  
  112  8:58  Zergling x16  
  120  9:07  Zergling x10  
  125  9:18  Zergling x2  
  125  9:19  Zergling x16  
  125  9:20  Overlord x3  
Show
View Real Time Build Order
Export as new Build Order

Joker Protoss 

Build Orders:  

Get SALT Encoding   

  12  0:00  Probe  
  13  0:15  Pylon  
  13  0:17  Probe  
  14  0:29  Probe  
  15  0:37  Gateway  
  15  0:41  Probe  
  16  0:46  Assimilator  
  16  0:54  Probe  
  17  1:01  Pylon  
  17  1:06  Probe  
  18  1:17  Assimilator  
  18  1:18  Probe  
  19  1:26  Cybernetics Core  
  19  1:30  Probe  
  20  1:42  Probe  
  21  1:53  Warp Gate  
  21  1:54  Probe  
  21  2:00  Nexus  
  22  2:06  Sentry  
  24  2:10  Probe  
  25  2:18  Pylon  
  25  2:26  Probe  
  25  2:29  Sentry  
  28  2:43  Pylon  
  28  2:48  Forge  
  28  2:55  Pylon  
  28  3:05  Shield Battery  
  28  3:09  Assimilator  
  28  3:11  Adept  
  29  3:14  Probe x2  
  31  3:25  Photon Cannon  
  31  3:27  Probe  
  31  3:30  Probe  
  33  3:42  Photon Cannon  
  33  3:53  Photon Cannon  
  33  3:56  Shield Battery  
  33  4:05  Photon Cannon  
  33  4:06  Probe  
  33  4:07  Probe  
  35  4:18  Adept  
  37  4:24  Photon Cannon  
  37  4:28  Pylon  
  37  4:46  Pylon  
  37  4:47  Stalker  
  39  4:53  Probe x2  
  41  5:02  Stargate  
  41  5:03  Robotics Facility  
  41  5:05  Probe  
  42  5:12  Twilight Council  
  42  5:13  Protoss Shields Level 1  
  42  5:20  Assimilator  
  42  5:21  Probe  
  43  5:39  Probe  
  44  5:45  Observer, Gateway x2  
  44  5:47  Phoenix  
  46  5:54  Probe  
  48  5:58  Observer  
  48  6:01  Pylon, Probe  
  50  6:06  Probe  
  51  6:12  Phoenix  
  51  6:13  Probe  
  54  7:03  Nexus  
  54  7:13  Robotics Bay  
  54  7:33  Pylon  
  54  7:35  Photon Cannon  
  25  8:02  Adept  
  19  8:18  Adept x2  
  19  8:19  Probe  
  25  8:20  Probe  
  25  8:30  Probe x2  
  27  8:38  Probe x2  
  27  8:42  Disruptor  
  27  8:46  Probe x2  
  33  8:51  Photon Cannon  
  33  8:54  Photon Cannon  
  35  8:56  Photon Cannon  
  35  8:57  Sentry, Photon Cannon  
  35  8:58  Probe x2, Sentry x2  
  43  9:10  Probe x2  
Tags
 
League
Master
Matchup
PvZ
Replay Pack
Myownreplay2
Spawn Locations
Cross Positions
Add a new tag
Caveats
  • Supply blocks, unpowered buildings, or Contaminate may cause inaccurate times.
  • Supply counts are checked every 10 seconds.